 Dungeon Crawl Stone Soup version 0.32-a0-859-gb0a091d592 (webtiles) character file.

Game seed: 2048230505804148001

74 Ofeo the Vexing (level 4, -6/33 HPs)
             Began as a Coglin Hexslinger on Mar 27, 2024.
             Mangled by Sigmund
             ... wielding a +0 scythe
              (10 damage)
             ... on level 2 of the Dungeon.
             The game lasted 00:01:28 (1909 turns).

Ofeo the Vexing (Coglin Hexslinger)                 Turns: 1909, Time: 00:01:28

Health: -6/33      AC:  2    Str: 12    XL:     4   Next: 30%
Magic:  6/6        EV: 11    Int: 12    God:
Gold:   130        SH:  0    Dex: 17    Spells: 5/5 levels left

rFire   . . .        a - +1 sling {Minjee}
rCold   . . .        d - -2 sling {Karolin}
rNeg    . . .        c - +0 robe
rPois   .            (no helmet)
rElec   .            (no cloak)
rCorr   .            (no gloves)
SInv    .            (no boots)
Will    .....        (amulet unavailable)
Stlth   +            (ring unavailable)
HPRegen 0.25/turn    (ring unavailable)
MPRegen 0.10/turn    (no gizmo)

%: clarity
@: confused, attractive, hasted, revving, very quick
A: off-hand wielding, slow wielding, warmup strikes, no jewellery, clarity,
strong 1, wild magic 1
a: Invent Gizmo


You were on level 2 of the Dungeon.
You visited 1 branch of the dungeon, and saw 2 of its levels.

You collected 130 gold pieces.

Inventory:

Hand Weapons
 a - a +1 sling (weapon) {Minjee}
 d - a -2 sling (offhand) {Karolin}
Armour
 c - a +0 robe (worn)
Scrolls
 e - a scroll of teleportation {@r3}
 j - a scroll of immolation


   Skills:
 + Level 1.9 Fighting
 + Level 2.2 Ranged Weapons
 + Level 2.2 Dodging
 + Level 1.4 Spellcasting
 + Level 3.1 Hexes
 + Level 1.4 Fire Magic


You had 5 spell levels left.
You didn't know any spells.
Your spell library contained the following spells:

 Spells                   Type           Power      Damage    Failure   Level
 Jinxbite                 Hex            20%        N/A       17%         2
 Confusing Touch          Hex            10%        N/A       32%         3
 Sigil of Binding         Hex            10%        N/A       32%         3
 Kiss of Death            Conj/Necr      4%         2d5       36%         1
 Inner Flame              Hex/Fire       8%         N/A       41%         3
 Cause Fear               Hex            5%         N/A       71%         4
 Dimensional Bullseye     Hex/Tloc       2%         N/A       88%         4
 Dispel Undead            Necr           1%         3d6       98%         4


Dungeon Overview and Level Annotations

Branches:
Dungeon (2/15)

Altars:

Annotations:
D:2 Sigmund


Innate Abilities, Weirdness & Mutations

You can wield a second weapon in your off-hand.
It takes a long time for you to wield or remove held weapons.
Your first few attacks do less damage.
You cannot equip rings or amulets.
You possess an exceptional clarity of mind.
Your muscles are strong. (Str +4, Int/Dex -1)
Your spells are a little harder to cast, but a little more powerful.


Message History

Deactivating autopickup; reactivate with Ctrl-A.
You shoot a sling bullet. x2
You shoot a sling bullet. x2
You feel less confused.
You shoot a sling bullet. x2
You shoot a sling bullet. x2
You hear some strange, mumbled words.
You are confused.
You shoot a sling bullet. x2
You shoot a sling bullet. x2
A puff of flame appears from out of thin air!
The puff of flame hits you!
You take 9 damage, and have 23/33 hp.
MASSIVE DAMAGE!!
Something hits you!
You take 11 damage, and have 12/33 hp.
MASSIVE DAMAGE!!
You bump into the rock wall.
You're too confused to move!
Something hits you.
* * * LOW HITPOINT WARNING * * *
You take 4 damage, and have 8/33 hp.
It was a potion of attraction.
You feel attractive to monsters.
You feel less confused.
You hear some strange, mumbled words.
You are confused.
It was a potion of mutation.
You feel extremely strange.
Your thoughts seem clearer.
You feel stronger.
You feel less in control of your magic.
You hear some strange, mumbled words.
A puff of flame appears from out of thin air!
The puff of flame misses you.
It was a potion of haste.
You feel yourself speed up. Something barely misses you.
You clumsily bash something but do no damage.
You miss something with your -2 sling.
You bump into the rock wall.
Something hits you.
* * * LOW HITPOINT WARNING * * *
You take 5 damage, and have 4/33 hp.
You completely miss something with your +1 sling.
You clumsily bash something but do no damage.
You bump into the rock wall.
Something hits you!
You die...

..........##.## ##........##
÷###.######..########.........)#
.# #.# ##.#########.<........##
.# #.# *#..#########..^.......##
.###.# #..##########...>...÷....
.....####.###########..........##
.##....#..# ##########...........
.##..#...##############......####
##......†....<.{@....(..#..#.#
#....#################.......#
...### #########>.#....## ..##
####..........#..### #.#
#................÷.### ..#
##.##........######.... ..#
#..##........#### ####. ..#
#.###........#### ## .<# ###
#........#


There were no monsters in sight!

Vanquished Creatures
  2 adders (D:2)
  3 dart slugs (D:1)
  A ribbon worm (D:2)
  6 endoplasms
  3 giant cockroaches (D:1)
  3 goblins
  6 hobgoblins
  5 jackals
  3 quokkas
  2 ball pythons (D:1)
  A bat (D:1)
  A frilled lizard (D:1)
  4 kobolds (D:1)
  3 rats
43 creatures vanquished.

Notes
Turn   | Place    | Note
-------+----------+-------------------------------------------
     0 | D:1      | Ofeo the Coglin Hexslinger began the quest for the Orb.
     0 | D:1      | Reached XP level 1. HP: 15/15 MP: 2/2
   258 | D:1      | Reached skill level 1 in Fire Magic
   297 | D:1      | Reached XP level 2. HP: 21/21 MP: 3/3
   836 | D:1      | Reached XP level 3. HP: 26/26 MP: 4/4
   937 | D:1      | Reached skill level 3 in Hexes
  1437 | D:2      | Reached XP level 4. HP: 33/33 MP: 6/6
  1559 | D:2      | Noticed Sigmund
  1904 | D:2      | Gained mutation: You possess an exceptional clarity of
                  | mind. [potion of mutation]
  1904 | D:2      | Gained mutation: Your muscles are strong. (Str +4, Int/Dex
                  | -1) [potion of mutation]
  1904 | D:2      | Gained mutation: Your spells are a little harder to cast,
                  | but a little more powerful. [potion of mutation]
  1909 | D:2      | Mangled by Sigmund

Illustrated notes

Levels and vault maps discovered:
D:1:      giann_forest_graveyard, layout_basic, minmay_tetromino_t2
D:2:      layout_rooms, uniq_sigmund

Skill      XL: |  1  2  3 |
---------------+----------+-----
Fire Magic     | 1 |  1.4
Dodging        | 2 |  2.2
Ranged Weapons | 2 |  2.2
Hexes          | 3 |  3.1
Fighting       | |  1.9
Spellcasting   | |  1.4

Action                     |  1- 3 |  4- 6 || total
---------------------------+-------+-------++-------
  Melee: Sling             |       |     4 ||     4
   Fire: Sling             |   168 |    82 ||   250
    Use: Scroll            |       |     4 ||     4
         Potion            |       |     3 ||     3
 Armour: Robe              |     9 |    13 ||    22
  Dodge: Dodged            |     7 |     7 ||    14

Table legend: (Time is in decaauts)
 A = Elapsed time spent in this place.
 B = Non-inter-level travel time spent in this place.
 C = Inter-level travel time spent in this place.
 D = Time resting spent in this place.
 E = Time spent auto-exploring this place.
 F = Levels seen in this place.
 G = Mean time per level.
                   A        B        C        D        E       F      G
               +--------+--------+--------+--------+--------+-----+--------+
         Total |   1945 |   1933 |     12 |      0 |   1645 |   2 |  972.5 |
       Dungeon |   1945 |   1933 |     12 |      0 |   1645 |   2 |  972.5 |
               +--------+--------+--------+--------+--------+-----+--------+

Top non-repeatable levels by time:
     D:1: 1120 daAuts
     D:2: 824 daAuts
